 Dungeon Crawl Stone Soup version 0.19.5 (webtiles) character file.

589 tof the Poker (level 7, -1/54 HPs)
             Began as a Demonspawn Berserker on Mar 8, 2017.
             Was a Believer of Trog.
             Slain by Pikel
             ... wielding a +2 whip of freezing
              (3 damage)
             ... on level 4 of the Dungeon.
             The game lasted 00:07:51 (2577 turns).

tof the Poker (Demonspawn Berserker)                Turns: 2577, Time: 00:07:51

Health: -1/54      AC:  3    Str: 17    XL:     7   Next: 15%
Magic:  7/7        EV: 17    Int:  8    God:    Trog [**....]
Gold:   178        SH:  0    Dex: 15    Spells: 0 memorised, 6 levels left

rFire  . . .     SeeInvis .     a - +0 spear
rCold  . . .     Gourm    .     b - +0 animal skin
rNeg   . . .     Faith    .     (no shield)
rPois  .         Spirit   .     (helmet restricted)
rElec  .         Reflect  .     (no cloak)
rCorr  .         Harm     .     n - +0 pair of gloves
MR     .....                    (no boots)
Stlth  +++.......               (no amulet)
                                r - ring of stealth
                                e - +4 ring of evasion

@: no status effects
A: horns 2, regeneration 1, spiny 2
a: Berserk, Trog's Hand, Burn Spellbooks, Renounce Religion


You were on level 4 of the Dungeon.
You worshipped Trog.
Trog was pleased with you.
You were hungry.

You visited 1 branch of the dungeon, and saw 4 of its levels.

You collected 178 gold pieces.

Inventory:

Hand Weapons
 a - a +0 spear (weapon)
Armour
 b - a +0 animal skin (worn)
 n - a +0 pair of gloves (worn)
Jewellery
 e - a +4 ring of evasion (left hand)
 k - an uncursed ring of flight
 r - a ring of stealth (right hand)
Wands
 m - a wand of flame (28/48)
 t - a wand of iceblast (11/15)
Scrolls
 d - a scroll of magic mapping {unknown}
 f - a scroll of recharging {unknown}
 i - 5 scrolls of identify {unknown}
 l - a scroll of noise {unknown}
 o - a scroll of amnesia {unknown}
 p - 2 scrolls of teleportation {unknown}
 s - a scroll of immolation {unknown}
Comestibles
 c - 4 bread rations
 g - 2 beef jerkies
 h - 3 fruits
 j - 3 meat rations
 q - 2 royal jellies


   Skills:
 + Level 4.2 Fighting
 * Level 5.3 Polearms
 + Level 3.0 Armour
 + Level 3.1 Dodging
 + Level 2.4 Stealth


You had 6 spell levels left.
You didn't know any spells.

Dungeon Overview and Level Annotations

Branches:
Dungeon (4/15)
 Temple: D:4-7

Altars:
Gozag

Annotations:
D:4 Pikel


Innate Abilities, Weirdness & Mutations

You have a pair of horns on your head.
You are mostly covered in sharp spines.
Your natural rate of healing is unusually fast.


Message History

Pikel is moderately wounded.
Pikel hits you with a whip of freezing.
* * * LOW HITPOINT WARNING * * *
Pikel freezes you.
* * * LOW HITPOINT WARNING * * *
You miss Pikel. Your headbutt misses Pikel.
Pikel is moderately wounded.
Pikel is struck by your spines. Pikel hits you with a whip of freezing.
* * * LOW HITPOINT WARNING * * *
Pikel freezes you.
* * * LOW HITPOINT WARNING * * *
You closely miss Pikel.
Pikel is moderately wounded.
Pikel is struck by your spines. Pikel closely misses you.
You hit Pikel. Your headbutt misses Pikel.
Pikel is heavily wounded.
Pikel is struck by your spines. Pikel hits you with a whip of freezing!
* * * LOW HITPOINT WARNING * * *
Pikel freezes you.
You die...

#.........#
#.#####.
#.........# #.
#.........# #.
####.......#.#
#.
#..........#(#
###.
.##......(#.#
#...
####.##.#..
..##
#####[##....
...
#ppK@.#######
### #.#####


You could see Pikel and 2 slaves.

Vanquished Creatures
  Grinder (D:3)
  Menkaure (D:4)
  A slave (D:4)
  An ogre (D:3)
  A scorpion (D:4)
  Ijyb (D:3)
  Terence (D:2)
  An iguana (D:4)
  2 adders (D:2)
  2 dart slugs
  2 leopard geckos (D:1)
  2 orcs (D:3)
  A ball python (D:3)
  5 bats
  3 giant cockroaches
  6 goblins
  4 hobgoblins
  2 quokkas (D:3)
  A frilled lizard (D:4)
  A jackal skeleton (D:4)
  7 kobolds
  8 rats
54 creatures vanquished.

Notes
Turn   | Place    | Note
-------+----------+-------------------------------------------
     0 | D:1      | tof the Demonspawn Berserker began the quest for the Orb.
     0 | D:1      | Reached XP level 1. HP: 18/18 MP: 1/1
   156 | D:1      | Reached skill level 3 in Polearms
   184 | D:1      | Gained mutation: You have a pair of small horns on your head. [demonic ancestry]
   184 | D:1      | Reached XP level 2. HP: 10/24 MP: 2/2
   475 | D:1      | Gained mutation: Your spells are a little easier to cast, but a little less powerful. [potion of mutation]
   475 | D:1      | Gained mutation: Your natural rate of healing is unusually fast. [potion of mutation]
   475 | D:1      | Lost mutation: Your spells are a little easier to cast, but a little less powerful. [potion of mutation]
  1027 | D:2      | Noticed Terence
  1032 | D:2      | Reached XP level 3. HP: 25/29 MP: 3/3
  1056 | D:2      | Killed Terence
  1056 | D:2      | Reached ** piety under Trog
  1057 | D:2      | Found an opulent altar of Gozag.
  1290 | D:2      | Gained mutation: You have a pair of horns on your head. [demonic ancestry]
  1290 | D:2      | Reached XP level 4. HP: 31/35 MP: 4/4
  1635 | D:3      | Noticed Ijyb
  1657 | D:3      | Killed Ijyb
  1657 | D:3      | Reached skill level 4 in Polearms
  1657 | D:3      | Reached skill level 1 in Stealth
  2029 | D:3      | Noticed an ogre
  2040 | D:3      | Killed an ogre
  2040 | D:3      | Gained mutation: You are partially covered in sharp spines. [demonic ancestry]
  2040 | D:3      | Reached XP level 5. HP: 36/42 MP: 5/5
  2063 | D:3      | Noticed Grinder
  2078 | D:3      | Killed Grinder
  2078 | D:3      | Reached XP level 6. HP: 9/48 MP: 6/6
  2349 | D:4      | Reached skill level 5 in Polearms
  2445 | D:4      | Noticed Menkaure
  2460 | D:4      | Killed Menkaure
  2460 | D:4      | Gained mutation: You are mostly covered in sharp spines. [demonic ancestry]
  2460 | D:4      | Reached XP level 7. HP: 44/54 MP: 7/7
  2565 | D:4      | Noticed Pikel
  2577 | D:4      | HP: 2/54 [Pikel/whip of freezing (7)]
  2577 | D:4      | Slain by Pikel

Skill      XL: |  1  2  3  4  5  6 |
---------------+-------------------+-----
Polearms       | 3 4 5 |  5.3
Armour         | 2 3 |  3.0
Dodging        | 2 3 |  3.1
Stealth        | 1 2 |  2.4
Fighting       | 4 |  4.2

Action                   |  1- 3 |  4- 6 |  7- 9 || total
-------------------------+-------+-------+-------++-------
Melee: Spear             |   148 |   104 |    14 ||   266
       Headbutt          |     8 |    19 |     1 ||    28
  Use: Potion            |     4 |     3 |       ||     7
 Stab: Sleeping          |     1 |     6 |       ||     7
  Eat: Chunk             |     1 |     4 |       ||     5
Armor: Animal skin       |     9 |     8 |     1 ||    18
Dodge: Dodged            |    90 |    37 |     7 ||   134
